 Dungeon Crawl Stone Soup version 0.31.0-2-g5a2aebc5c2 (webtiles) character file.

Game seed: 12728426718758897044

94542 stipulation the Middleweight Champion (level 16, -6/114 HPs)
             Began as a Ghoul Monk on Jan 21, 2024.
             Was the Champion of Wu Jian.
             Mangled by a redback simulacrum (12 damage)
             ... on level 1 of the Spider Nest.
             The game lasted 00:18:42 (23015 turns).

stipulation the Middleweight Champion (Ghoul Monk) Turns: 23015, Time: 00:18:43

Health: -6/114     AC: 21    Str: 35    XL:     16   Next: 11%
Magic:  16/16      EV:  9    Int:  9    God:    Wu Jian [******]
Gold:   2117       SH:  5    Dex: 11    Spells: 15/15 levels left

rFire   + .          .
                       - Unarmed
rCold   + . .        c - orb {light}
rNeg    + + +        J - +3 plate armour
rPois   ∞            C - +0 helmet
rElec   .            i - +0 cloak
rCorr   .            (no gloves)
SInv    .            j - +1 pair of boots of Midsummer {rF+}
Will    +....        K - amulet of reflection Stlth
                     g - +6 ring of strength
HPRegen 0.00/turn    B - +6 ring of strength
MPRegen 0.15/turn

%: reflection
@: exhausted, inhibited regen, glowing, studying Necromancy
A: claws 1, cold resistance 1, negative energy resistance 3, inhibited
regeneration, torment resistance 2, devour on kill
a: Renounce Religion, Wall Jump, Serpent's Lash, Heavenly Storm


You were on level 1 of the Spider Nest.
You worshipped Wu Jian.
Wu Jian was exalted by your worship.
You visited 5 branches of the dungeon, and saw 23 of its levels.
You also visited: Sewer and Ice Cave.

You collected 2528 gold pieces.
You spent 411 gold pieces at shops.

Inventory:

Armour
 c - an orb of light (worn)
 i - a +0 cloak (worn)
 j - the +1 pair of boots of Midsummer (worn) {rF+}
   (You acquired it on level 3 of the Lair of Beasts)

   rF+:       It protects you from fire.
 C - a +0 helmet (worn)
 J - a +3 plate armour (worn)
Jewellery
 g - a +6 ring of strength (left claw)
 n - a +5 ring of evasion
 q - a +5 ring of evasion
 z - an amulet of faith
 B - a +6 ring of strength (right claw)
 K - an amulet of reflection (around neck)
 Q - a ring of resist corrosion
 R - a ring of protection from fire
 T - a ring of flight
Wands
 w - a wand of roots (35)
 D - a wand of flame (39)
 G - a wand of paralysis (10) (quivered)
Scrolls
 a - a scroll of acquirement
 f - 3 scrolls of teleportation
 h - 2 scrolls of amnesia
 k - 3 scrolls of immolation
 o - a scroll of poison {unknown}
 p - a scroll of silence {unknown}
 t - 4 scrolls of noise
 x - 3 scrolls of vulnerability
 y - a scroll of torment
 E - 7 scrolls of fear
 F - 2 scrolls of enchant weapon
 H - 3 scrolls of identify
 L - 3 scrolls of blinking {unknown}
 O - 3 scrolls of fog
 S - a scroll of revelation {unknown}
Potions
 b - a potion of ambrosia
 d - 3 potions of curing
 e - 2 potions of magic {unknown}
 l - 2 potions of invisibility {unknown}
 r - 3 potions of cancellation
 s - 3 potions of heal wounds
 u - 5 potions of brilliance {unknown}
 v - 3 potions of degeneration {unknown}
 A - 3 potions of might
 I - 2 potions of enlightenment {unknown}
 M - a potion of berserk rage {unknown}
 P - 3 potions of resistance {unknown}
 U - 2 potions of haste {unknown}
Miscellaneous
 N - a phial of floods


   Skills:
 - Level 3.2 Fighting
 - Level 8.0 Armour
 - Level 2.6 Dodging
 + Level 6.6 Shields
 O Level 27 Unarmed Combat


You had 15 spell levels left.
You didn't know any spells.
Your spell library contained the following spells:

 Spells                   Type           Power      Damage    Failure   Level
 Freeze                   Ice            0%         1d3       94%         1
 Slow                     Hex            0%         N/A       94%         1
 Lesser Beckoning         Tloc           0%         N/A       98%         2
 Call Canine Familiar     Summ           0%         N/A       100%        3
 Confusing Touch          Hex            0%         N/A       100%        3
 Dazzling Flash           Conj/Hex       0%         N/A       100%        3
 Frozen Ramparts          Ice            0%         1d1       100%        3
 Gell's Gravitas          Tloc           0%         N/A       100%        3
 Hailstorm                Conj/Ice       0%         3d5       100%        3
 Inner Flame              Hex/Fire       0%         N/A       100%        3
 Mephitic Cloud           Conj/Alch/Air  0%         N/A       100%        3
 Sigil of Binding         Hex            0%         N/A       100%        3
 Teleport Other           Tloc           0%         N/A       100%        3
 Vampiric Draining        Necr           0%         2d6       100%        3
 Anguish                  Hex/Necr       0%         N/A       100%        4
 Cause Fear               Hex            0%         N/A       100%        4
 Dimensional Bullseye     Hex/Tloc       0%         N/A       100%        4
 Flame Wave               Conj/Fire      0%         2d4       100%        4
 Ignite Poison            Fire/Alch      0%         N/A       100%        4
 Petrify                  Alch/Erth      0%         N/A       100%        4
 Sticky Flame             Fire/Alch      0%         2d4       100%        4
 Summon Blazeheart Golem  Fire/Summ      0%         N/A       100%        4
 Curse of Agony           Necr           0%         N/A       100%        5
 Irradiate                Conj/Alch      0%         3d11      100%        5
 Silence                  Hex/Air        0%         N/A       100%        5
 Summon Forest            Summ/Tloc      0%         N/A       100%        5
 Summon Mana Viper        Hex/Summ       0%         N/A       100%        5
 Summon Cactus Giant      Summ           0%         N/A       100%        6
 Enfeeble                 Hex            0%         N/A       100%        7
 Orb of Destruction       Conj           0%         9d5       100%        7
 Spellforged Servitor     Conj/Summ      0%         N/A       100%        7
 Ignition                 Fire           0%         3d3       100%        8
 Sublimation of Blood     Necr           Unusable   N/A       N/A         2

Dungeon Overview and Level Annotations

Branches:
Dungeon (14/15)            Temple (1/1) D:6            Lair (5/5) D:11
 Shoals (0/4) Lair:3       Spider (1/4) Lair:2        Slime (0/5) Lair:4
    Orc (2/2) D:10            Elf (0/3) Orc:2        Vaults (0/5) D:13
  Sewer (visited)           IceCv (visited)

Altars:
Ashenzari
Cheibriados
Dithmenos
Fedhas
Gozag
Hepliaklqana
Kikubaaqudgha
Makhleb
Nemelex Xobeh
Okawaru
Qazlal
Ru
Sif Muna
Trog
Uskayaw
Vehumet
Wu Jian
Xom
Yredelemnul
Jiyva

Shops:
D:2 (   D:4 :   D:7 (   D:8 :   D:12 (   D:13 *   Orc:2 =:((:

Portals:
Abyss: D:5

Annotations:
D:5 2 transporters, SuperJoe's ghost, weakling TeDe


Innate Abilities, Weirdness & Mutations

You are immune to poison.
You have sharp fingernails.
Your flesh is cold resistant. (rC+)
You are immune to negative energy. (rN+++)
You do not regenerate when monsters are visible.
You are immune to unholy pain and torment.
You thrive by killing the living.


Message History

You destroy the pharaoh ant!
The Council accepts your kill.
The pharaoh ant binds the souls of nearby monsters.
You spin and attack the jumping spider repeatedly, with incredible momentum.
You eviscerate the jumping spider!!!
You kill the jumping spider!
The Council accepts your kill.
A freezing mist starts to gather...
A jumping spider simulacrum comes into view.
You lunge with incredible momentum at the jumping spider simulacrum, in a flurry of attacks.
You eviscerate the jumping spider simulacrum!!!
The jumping spider simulacrum vaporises!
Your supernatural speed expires.
A redback is nearby!
A redback is nearby!
A redback is nearby!
You lunge at the redback, in a flurry of attacks.
You claw the redback!
The redback is heavily wounded.
You eviscerate the redback!!!
You kill the redback!
The Council accepts your kill.
A freezing mist starts to gather...
A redback simulacrum comes into view.
The wolf spider hits you but does no damage.
The wolf spider closely misses you.
You spin and attack the redback simulacrum repeatedly.
You barely miss the redback simulacrum. You mangle the redback simulacrum!!
The redback simulacrum is almost destroyed.
You spin and attack the wolf spider repeatedly.
You mangle the wolf spider!!
The wolf spider is heavily wounded.
You claw the wolf spider!
The wolf spider is severely wounded.
The wolf spider barely misses you.
The wolf spider bites you but does no damage.
The redback simulacrum bites you.
* * * LOW HITPOINT WARNING * * *
The redback simulacrum freezes you! You resist.
You die...

.. ##......#
.###........
#.#........ #
#........# #
##......# .
##.......# ###
#....†..# ## #.#
#.†....## #. #..
##.†.@Z.# #.###..
#..†.s..# ##††...
#........##
##.####.
............##
##.## #.
#..#####.####.##
#..# ## ..s. #..
##.###.## # ...
##.# #.....### #.
.. .. #..†^...#
#..
..............#..


You could see a wolf spider (soul bound) and a redback simulacrum.

Vanquished Creatures
  Rupert (Lair:3)
  A quicksilver ooze (Lair:5)
  3 yaktaur captains (D:13)
  Josephine (D:12)
  Erolcha (D:11)
  4 hydras
  Fannar (D:11)
  4 catoblepae
  2 boulder beetles (D:14)
  3 two-headed ogres
  5 death yaks
  A tengu warrior (D:8)
  2 demonic crawlers (Spider:1)
  5 orc high priests (Orc:2)
  Sonja (Lair:4)
  A skyshark (Lair:2)
  Amaemon (D:9)
  2 pharaoh ants (Spider:1)
  5 skeletal warriors (D:14)
  7 glowing orange brains (D:13)
  An orange crystal statue (D:11)
  An orb spider (Spider:1)
  2 lindwurms
  11 orc knights
  3 wolf spiders (Spider:1)
  7 ugly things
  2 orc sorcerers (Orc:2)
  A harpy (Lair:3)
  6 manticores
  2 cyclopes
  20 elephants
  3 kobold blastminers
  12 slime creatures
  A torpor snail (Spider:1)
  A black mamba (Lair:2)
  An orange demon (D:9)
  3 ice statues (IceCv)
  7 cane toads
  7 rime drakes
  10 komodo dragons
  A kobold demonologist (D:9)
  An unseen horror (D:11)
  4 yaktaurs (D:13)
  An anaconda simulacrum (IceCv)
  Psyche (D:12)
  3 trolls
  3 polar bears
  3 blink frogs (Lair:1)
  A hornet (Lair:1)
  3 tarantellas (Spider:1)
  5 dream sheep (Lair:3)
  7 jumping spiders
  7 culicivoras (Spider:1)
  A spriggan (Lair:3)
  A spriggan (shapeshifter) (D:13)
  Sigmund (D:6)
  A shadow (D:9)
  29 yaks
  2 dire elephant simulacra (IceCv)
  9 wyverns
  6 wraiths
  8 basilisks
  A basilisk (shapeshifter) (D:13)
  8 vampire mosquitoes
  A warg (Orc:1)
  11 redbacks (Spider:1)
  A death yak simulacrum (IceCv)
  4 acid dragons
  9 water moccasins
  36 orc warriors
  An ice beast (D:6)
  A sky beast (D:6)
  2 black bears
  5 ogres
  3 centaurs
  23 wolves
  4 phantoms
  7 kobold brigands
  Blork the orc (D:5)
  12 bullfrogs
  2 cane toad simulacra (IceCv)
  3 scorpions
  3 gnoll sergeants
  8 wights (D:8)
  An elephant simulacrum (IceCv)
  12 killer bees
  5 howler monkeys
  14 jellies
  2 hounds
  30 orc priests
  Jessica (D:3)
  5 iguanas
  Ijyb (D:5)
  2 sleepcaps
  28 orc wizards
  6 hell rats (Lair:4)
  2 wolf simulacra (IceCv)
  Robin (D:4)
  11 gnolls
  7 adders
  3 shadow imps
  2 ufetubi (D:6)
  A ribbon worm (D:5)
  2 dart slugs
  96 orcs
  11 ball pythons
  12 endoplasms
  7 giant cockroaches
  21 goblins
  13 hobgoblins
  A quokka (D:4)
  5 bats
  3 frilled lizards
  27 kobolds
  8 rats
  3 butterflies (Lair:3)
739 creatures vanquished.

Notes
Turn   | Place    | Note
-------+----------+-------------------------------------------
     0 | D:1      | stipulation the Ghoul Monk began the quest for the Orb.
     0 | D:1      | Reached XP level 1. HP: 19/19 MP: 1/1
   113 | D:1      | Reached XP level 2. HP: 9/26 MP: 2/2
   253 | D:1      | Reached skill level 4 in Unarmed Combat
   312 | D:1      | Found a faded altar of an unknown god.
   663 | D:1      | Reached XP level 3. HP: 31/31 MP: 3/3
   937 | D:2      | Reached skill level 5 in Unarmed Combat
  1037 | D:2      | Reached XP level 4. HP: 38/38 MP: 4/4
  1215 | D:2      | Found Attafiuq's Weapon Emporium.
  1417 | D:3      | Noticed Jessica
  1420 | D:3      | Killed Jessica
  1462 | D:3      | Reached skill level 6 in Unarmed Combat
  1541 | D:3      | Reached XP level 5. HP: 45/45 MP: 5/5
  1571 | D:3      | Found a burning altar of Makhleb.
  2148 | D:4      | Noticed Robin
  2152 | D:4      | Noticed a phantom
  2166 | D:4      | Killed Robin
  2178 | D:4      | Killed a phantom
  2179 | D:4      | Reached skill level 7 in Unarmed Combat
  2179 | D:4      | Reached XP level 6. HP: 23/51 MP: 6/6
  2383 | D:4      | Reached skill level 8 in Unarmed Combat
  2395 | D:4      | Found Fifuxar's Book Shoppe.
  2482 | D:4      | Reached XP level 7. HP: 57/57 MP: 7/7
  2776 | D:4      | Found an opulent altar of Gozag.
  2888 | D:5      | Entered Level 5 of the Dungeon
  2921 | D:5      | Reached skill level 9 in Unarmed Combat
  2951 | D:5      | Found a transporter.
  2972 | D:5      | Found a transporter.
  2973 | D:5      | Found a one-way gate to the infinite horrors of the Abyss.
  3033 | D:5      | Noticed Ijyb
  3046 | D:5      | Killed Ijyb
  3125 | D:5      | Noticed an ancient zyme
  3128 | D:5      | Noticed a small abomination
  3237 | D:5      | Noticed Blork the orc
  3244 | D:5      | Killed Blork the orc
  3269 | D:5      | Found a bloodstained altar of Trog.
  3359 | D:5      | Reached skill level 10 in Unarmed Combat
  3409 | D:5      | Found a blossoming altar of Fedhas.
  3436 | D:5      | Reached XP level 8. HP: 59/63 MP: 8/8
  3525 | D:5      | Found a glowing drain.
  3556 | Sewer    | Entered a sewer
  3645 | Sewer    | Reached skill level 11 in Unarmed Combat
  3901 | D:5      | Noticed SuperJoe's ghost (weakling TeDe)
  4275 | D:6      | Reached skill level 12 in Unarmed Combat
  4306 | D:6      | Noticed a slime creature
  4307 | D:6      | Found a blossoming altar of Fedhas.
  4307 | D:6      | Found a hazy altar of Hepliaklqana.
  4307 | D:6      | Found an ancient bone altar of Kikubaaqudgha.
  4307 | D:6      | Found a sacrificial altar of Ru.
  4307 | D:6      | Found an ancient bone altar of Kikubaaqudgha.
  4307 | D:6      | Found a shimmering altar of Xom.
  4307 | D:6      | Noticed a slime creature
  4307 | D:6      | Noticed a slime creature
  4322 | D:6      | Killed a large slime creature
  4323 | D:6      | Reached XP level 9. HP: 8/70 MP: 9/9
  4841 | D:6      | Reached skill level 13 in Unarmed Combat
  4882 | D:6      | Found a staircase to the Ecumenical Temple.
  5120 | D:6      | Noticed Sigmund
  5128 | D:6      | Killed Sigmund
  5525 | Temple   | Entered the Ecumenical Temple
  5525 | Temple   | Noticed a sixfirhy
  5525 | Temple   | Noticed a blizzard demon
  5526 | Temple   | Noticed Zujiuh the pandemonium lord
  5526 | Temple   | Noticed Piasseiti the pandemonium lord
  5526 | Temple   | Noticed an orange demon
  5526 | Temple   | Noticed a red devil
  5528 | Temple   | Noticed Qiada the pandemonium lord
  5529 | Temple   | Noticed a soul eater
  5529 | Temple   | Noticed a sixfirhy
  5529 | Temple   | Noticed an orange demon
  5540 | Temple   | Became a worshipper of the Wu Jian Council
  5540 | Temple   | Reached * piety under Wu Jian
  5540 | Temple   | Reached ** piety under Wu Jian
  5553 | Temple   | Noticed a Tzitzimitl
  5553 | Temple   | Noticed an orange demon
  5554 | Temple   | Noticed Xoluy the pandemonium lord
  5609 | D:6      | Reached skill level 14 in Unarmed Combat
  6169 | D:7      | Found Tumpay's Weapon Boutique.
  6608 | D:8      | Reached skill level 15 in Unarmed Combat
  6609 | D:8      | Found Begoph's Book Boutique.
  6614 | D:8      | Reached XP level 10. HP: 51/77 MP: 10/10
  6704 | D:8      | Found an iron altar of Okawaru.
  6884 | D:8      | Reached *** piety under Wu Jian
  6890 | D:8      | Noticed a purple ugly thing
  6897 | D:8      | Killed a purple ugly thing
  7022 | D:8      | Noticed a tengu warrior
  7033 | D:8      | Killed a tengu warrior
  7034 | D:8      | Reached skill level 16 in Unarmed Combat
  7650 | D:9      | Noticed a kobold demonologist
  7657 | D:9      | Noticed an orange demon
  7657 | D:9      | Killed a kobold demonologist
  7658 | D:9      | Reached skill level 1 in Armour
  7692 | D:9      | Reached skill level 17 in Unarmed Combat
  7730 | D:9      | Found a shadowy altar of Dithmenos.
  7881 | D:9      | Found a radiant altar of Vehumet.
  7890 | D:9      | Found a basalt altar of Yredelemnul.
  7892 | D:9      | Found a hazy altar of Hepliaklqana.
  8129 | D:9      | Noticed Amaemon
  8129 | D:9      | Noticed an orange demon
  8133 | D:9      | Killed an orange demon
  8134 | D:9      | Killed Amaemon
  8135 | D:9      | Reached XP level 11. HP: 64/82 MP: 11/11
  8275 | D:10     | Entered Level 10 of the Dungeon
  8283 | D:10     | Noticed a two-headed ogre
  8288 | D:10     | Killed a two-headed ogre
  8293 | D:10     | Reached **** piety under Wu Jian
  8804 | D:10     | Noticed a two-headed ogre
  8899 | D:10     | Killed a two-headed ogre
  9122 | D:10     | Reached skill level 5 in Armour
  9194 | D:10     | Found a staircase to the Orcish Mines.
  9385 | Orc:1    | Entered Level 1 of the Orcish Mines
  9437 | D:11     | Noticed a two-headed ogre
  9445 | D:11     | Killed a two-headed ogre
  9473 | D:11     | Noticed a red ugly thing
  9479 | D:11     | Killed a red ugly thing
  9480 | D:11     | Reached skill level 18 in Unarmed Combat
  9638 | D:11     | Noticed Fannar
  9650 | D:11     | Killed Fannar
  9716 | D:11     | Noticed an orc knight
  9725 | D:11     | Killed an orc knight
  9956 | D:11     | Noticed an eight-headed hydra
  9960 | D:11     | Killed an eight-headed hydra
 10026 | D:11     | Noticed Erolcha
 10030 | D:11     | Killed Erolcha
 10037 | D:11     | Found a staircase to the Lair.
 10299 | D:11     | Noticed an orange crystal statue
 10340 | D:11     | Reached XP level 12. HP: 85/89 MP: 12/12
 10495 | D:11     | Noticed a two-headed ogre
 10551 | D:11     | Identified the +0 pair of boots of the Dungeon {Int+2}
 10642 | Lair:1   | Entered Level 1 of the Lair of Beasts
 10913 | Lair:1   | Found a frozen archway.
 10947 | IceCv    | Entered an ice cave
 11043 | IceCv    | Reached skill level 19 in Unarmed Combat
 11951 | Lair:2   | Noticed a skyshark
 11959 | Lair:2   | Killed a skyshark
 12316 | Lair:2   | Identified the +1 chain mail of Pofoto Pamn {Harm rElec
                  | rF+}
 12331 | Lair:2   | Reached skill level 20 in Unarmed Combat
 12389 | Lair:2   | Found a hole to the Spider Nest.
 12828 | Lair:3   | Noticed a seven-headed hydra
 12829 | Lair:3   | Noticed Rupert
 12832 | Lair:3   | Killed a seven-headed hydra
 12835 | Lair:3   | Reached XP level 13. HP: 74/94 MP: 13/13
 12840 | Lair:3   | Killed Rupert
 12841 | Lair:3   | Reached skill level 21 in Unarmed Combat
 13057 | Lair:3   | Reached ***** piety under Wu Jian
 13117 | Lair:3   | You fall into a shaft and drop 2 floors!
 13117 | Lair:5   | Entered Level 5 of the Lair of Beasts
 13208 | Lair:5   | Identified the +0 chain mail "Cuohoonk" {+Blink Str+2 Int+4
                  | Dex-5}
 13238 | Lair:5   | Reached skill level 22 in Unarmed Combat
 13293 | Lair:5   | Noticed a quicksilver ooze
 13301 | Lair:5   | Killed a quicksilver ooze
 13972 | Lair:5   | Reached skill level 23 in Unarmed Combat
 13989 | Lair:5   | Reached XP level 14. HP: 80/102 MP: 14/14
 14472 | Lair:5   | Identified the +3 flail of Cocytus {drain, rPois Str+5
                  | Int-3}
 15278 | Lair:4   | Identified the +1 mace "Ten Ekor" {holy, rPois}
 15327 | Lair:4   | Reached skill level 24 in Unarmed Combat
 15407 | Lair:4   | Noticed Sonja
 15410 | Lair:4   | Killed Sonja
 15511 | Lair:4   | Reached ****** piety under Wu Jian
 15689 | Lair:4   | Found a viscous altar of Jiyva.
 15691 | Lair:4   | Found a staircase to the Slime Pits.
 16409 | Lair:3   | Found a staircase to the Shoals.
 16496 | Lair:3   | Reached skill level 25 in Unarmed Combat
 16814 | Lair:3   | Identified 2 scrolls of acquirement
 16826 | Lair:3   | Acquired the +1 pair of boots of Midsummer {rF+}
 17437 | D:12     | Found Iloecw's Weapon Emporium.
 17612 | D:12     | Noticed Josephine
 17616 | D:12     | Killed Josephine
 17640 | D:12     | Noticed Psyche
 17643 | D:12     | Killed Psyche
 17887 | D:13     | HP: 4/102 [yaktaur captain/bolt (29)]
 17895 | D:13     | Reached XP level 15. HP: 13/107 MP: 12/15
 18735 | D:13     | Reached skill level 26 in Unarmed Combat
 18777 | D:13     | Found Wiesoinn's Assorted Antiques.
 18814 | D:13     | Bought a potion of curing for 81 gold pieces
 19035 | D:13     | Found a gate to the Vaults.
 19624 | D:14     | Identified the +1 scale mail of Absolutism {rN+}
 19683 | D:14     | Found a shadowy altar of Dithmenos.
 21020 | Orc:2    | Entered Level 2 of the Orcish Mines
 21139 | Orc:2    | Found a staircase to the Elven Halls.
 21210 | Orc:2    | Found Nuggeegh's Jewellery Boutique.
 21218 | Orc:2    | Bought an amulet of reflection for 330 gold pieces
 21261 | Orc:2    | Reached skill level 1 in Shields
 21326 | Orc:2    | HP: 2/107 [orc high priest/divine providence (11)]
 21784 | Orc:2    | Paralysed by an orc sorcerer for 3 turns
 22108 | Orc:2    | Found Xumn's Book Shop.
 22108 | Orc:2    | Found Hecwu's Book Shop.
 22109 | Orc:2    | Found Omumehosmo's Weapon Shop.
 22109 | Orc:2    | Found Ykimutar's Antique Weapon Boutique.
 22476 | Spider:1 | Entered Level 1 of the Spider Nest
 22496 | Spider:1 | Reached skill level 27 in Unarmed Combat
 22604 | Spider:1 | Reached skill level 5 in Shields
 22807 | Spider:1 | Reached XP level 16. HP: 92/114 MP: 16/16
 23015 | Spider:1 | Mangled by a redback simulacrum

Illustrated notes

Levels and vault maps discovered:
D:1:      dpeg_arrival_orchard, layout_loops_cross,
          ebering_ecumenical_altar_hall
D:2:      layout_basic, serial_shops, shop
D:3:      layout_loops_corners, bloody_makhleb, uniq_jessica
D:4:      layout_basic, grunt_gozag_breadcrumbs, serial_shops,
          nicolae_shop_temple_entry_statues_fountains, uniq_robin
D:5:      layout_basic, mainiacjoe_overflow_24_doors, lemuel_doored_altar,
          gammafunk_ghost_abyssal_escape, cheibrodos_sewer_entry_bend,
          minmay_crystal_water, uniq_ijyb, uniq_blork_the_orc
D:6:      cheibrodos_fertilizer, layout_basic,
          minmay_temple_entry_statues_fountains, minivault_22, uniq_sigmund
D:7:      layout_loops_ring, serial_shops, shop
D:8:      layout_gridville, okawaru_ov_weapons_minmay, serial_shops,
          nicolae_shop_tiny_statue_garden, minmay_manual_mess
D:9:      layout_roguey, mainiacjoe_overflow_alcove_1,
          nicolae_overflow_macrodata_refinement, uniq_amaemon
D:10:     layout_long_grid, orc_david_3
D:11:     minmay_statue_hallways, layout_irregular_city, lair_entry_dummy,
          uniq_fannar, uniq_erolcha
D:12:     layout_basic, serial_shops, nicolae_shop_bloodbath_and_beyond,
          uniq_josephine, uniq_psyche
D:13:     hangedman_surveillance_ring, layout_loops_corners, david_vaults_2,
          serial_shops, shop
D:14:     layout_gridville, grunt_dithmenos_smoke_and_mirrors
Temple:   nicolae_temple_panitentiary
Lair:1:   layout_regular_city, portal_ice_cave_entry_pillars_1
Lair:2:   layout_hall_layers, spider_nest_entry_a, grunt_megastairs_3
Lair:3:   layout_long_grid, mainiacjoe_shoals_entry_four_pools,
          forest_entry_grove, lemuel_fruit_fields, lemuel_fruit_fields,
          uniq_rupert
Lair:4:   layout_roguey, slime_entry_2, special_room
          [special_room_mythical_zoo], beast_lair_carwin_7, uniq_sonja
Lair:5:   evilmike_catoblepas_cave, layout_cave_pods,
          nicolae_volcano_entry_hallway, nicolae_lair_time_for_slime
Spider:1: layout_chambers
Orc:1:    layout_caves
Orc:2:    st_orc_pillars, layout_caves, serial_shops, shop

Skill      XL: |  1  2  3  4  5  6  7  8  9 10 11 12 13 14 15 16 |
---------------+-------------------------------------------------+-----
Unarmed Combat | 4 5 6 7 8 10 12 15 17 18 20 23 25 27 | 27.0
Armour         | 3 7 8 |  8.0
Shields        | 5 6 |  6.6
Fighting       | |  3.2
Dodging        | |  2.6

Action                     |  1- 3 |  4- 6 |  7- 9 | 10-12 | 13-15 | 16-18 || total
---------------------------+-------+-------+-------+-------+-------+-------++-------
  Melee: Unarmed           |    83 |    97 |   296 |   473 |   983 |    52 ||  1984
 Invoke: Serpent's Lash    |       |       |       |     6 |     7 |     1 ||    14
         Heavenly Storm    |       |       |       |       |     1 |       ||     1
Ability: Lunge             |       |       |     8 |    43 |    85 |     3 ||   139
         Whirlwind         |       |       |       |    43 |   116 |     6 ||   165
         Wall Jump         |       |       |       |     3 |     5 |     1 ||     9
  Evoke: Wand              |       |       |       |       |     1 |       ||     1
    Use: Scroll            |       |     2 |     5 |     3 |    19 |       ||    29
         Potion            |       |       |       |       |     8 |     1 ||     9
 Armour: Robe              |    15 |       |       |       |       |       ||    15
         Scale mail        |    18 |    60 |    63 |       |       |       ||   141
         Chain mail        |       |       |    75 |   114 |       |       ||   189
         Plate armour      |       |       |       |   146 |   514 |    67 ||   727
  Dodge: Dodged            |    41 |    87 |   182 |   206 |   265 |    28 ||   809
